 Dungeon Crawl Stone Soup version 0.31-a0-978-g1e143483b6 (webtiles) character file.

Game seed: 12926609335401210080

93 MacCMillion the Ruffian (level 4, -3/30 HPs)
             Began as an Octopode Shapeshifter on Oct 30, 2023.
             Was an Initiate of Gozag.
             Slain by a hobgoblin (4 damage)
             ... on level 4 of the Dungeon.
             The game lasted 00:02:30 (1988 turns).

MacCMillion the Ruffian (Octopode Shapeshifter)     Turns: 1988, Time: 00:02:30

Health: -3/30      AC:  1    Str: 15    XL:     4   Next: 62%
Magic:  4/4        EV: 13    Int: 12    God:    Gozag
Gold:   57         SH:  0    Dex: 11    Spells: 3/3 levels left

rFire   . .          .
                       - Unarmed
rCold   . . .        (no shield)
rNeg    + + .        (helmet currently unavailable)
rPois   .            (no amulet)
rElec   .            h - ring of positive energy
rCorr   .            d - ring of see invisible
SInv    +            q - ring of positive energy
Will    .....        (no ring)
Stlth   +++          (no ring)
HPRegen 0.25/turn    (no ring)
MPRegen 0.09/turn    (no ring)
                     (no ring)

%: no passive effects
@: beast-form, gold aura
A: beast (slay +1), almost no armour, amphibious, 8 rings, camouflage 1,
gelatinous body 1, (nimble swimmer 1), tentacles
a: Begin Untransformation, Renounce Religion, Potion Petition, Call Merchant,
Bribe Branch


You were on level 4 of the Dungeon.
You worshipped Gozag.
Gozag was noncommittal.
You were a hulking beast.
You visited 1 branch of the dungeon, and saw 4 of its levels.

You collected 128 gold pieces.
You paid 71 gold pieces to Gozag.

Inventory:

Missiles
 n - 6 poisoned darts
 o - 4 atropa-tipped darts
Jewellery
 d - a ring of see invisible (right tentacle)
 h - a ring of positive energy (left tentacle)
 q - a ring of positive energy (on tentacle)
Talismans
 b - a beast talisman
 c - a flux talisman
Scrolls
 e - 2 scrolls of noise {unknown}
 f - 4 scrolls of revelation {unknown}
 g - a scroll of silence {unknown}
 i - 2 scrolls of amnesia {unknown}
 j - a scroll of vulnerability {unknown}
 k - a scroll of fog {unknown}
 l - 2 scrolls of fear {unknown}
 m - 3 scrolls of identify {unknown}
 p - 2 scrolls of enchant weapon {unknown}
 s - a scroll of brand weapon {unknown}
Potions
 a - 2 potions of lignification
 r - a potion of invisibility {unknown}


   Skills:
 + Level 2.6 Fighting
 - Level 2.0 Dodging
 + Level 3.1 Stealth
 + Level 3.8 Unarmed Combat
 - Level 3.0 Shapeshifting


You had 3 spell levels left.
You didn't know any spells.
Your spell library contained the following spells:

 Spells                   Type           Power      Damage    Failure   Level
 Apportation              Tloc           0%         N/A       32%         1
 Jinxbite                 Hex            0%         N/A       45%         2
 Lesser Beckoning         Tloc           0%         N/A       45%         2
 Gell's Gravitas          Tloc           0%         N/A       69%         3
 Summon Guardian Golem    Hex/Summ       0%         N/A       69%         3
 Teleport Other           Tloc           0%         N/A       69%         3
 Alistair's Intoxication  Tmut/Pois      0%         N/A       100%        5
 Orb of Destruction       Conj           0%         9d5       100%        7
 Spellforged Servitor     Conj/Summ      0%         N/A       100%        7


Dungeon Overview and Level Annotations

Branches:
Dungeon (4/15)
 Temple: D:4-7

Altars:
Gozag
Qazlal

Annotations:
D:2 1 runed translucent door, Crazy Yiuf
D:3 3 runed translucent doors, kal9871's ghost, amateur AtFi


Innate Abilities, Weirdness & Mutations

You are a hulking beast.
Your limbs bulge with bestial killing power. (Slay +1)
You cannot wear most types of armour.
You are amphibious.
You can wear up to eight rings at the same time.
Your skin changes colour to match your surroundings (Stealth+).
Your rubbery body absorbs attacks. (AC +1, EV +1)
((You are camouflaged when in or above water. (Stealth+)))
You have tentacles for arms and can constrict up to eight enemies at once.


Message History

HP restored.
You now have 44 gold pieces (gained 6).
You now have 57 gold pieces (gained 13).
s - a scroll labelled COJ UMIESME A black bear comes into view.
A black bear is nearby!
A black bear is nearby!
A hobgoblin comes into view.
You closely miss the black bear. You grab the black bear.
You constrict the black bear. The black bear barely misses you.
The black bear claws you. The black bear closely misses you.
You tentacle-slap the black bear.
The black bear is lightly wounded.
You constrict the black bear. The black bear closely misses you. x3
You tentacle-slap the black bear.
The black bear is moderately wounded.
You constrict the black bear.
The hobgoblin shouts!
The black bear closely misses you. The black bear claws you.
The black bear barely misses you.
You tentacle-slap the black bear.
The black bear is heavily wounded.
You constrict the black bear. The black bear bites you.
The black bear barely misses you. The black bear claws you.
You barely miss the black bear.
The black bear is heavily wounded.
You constrict the black bear. The black bear bites you!
The black bear claws you. The black bear barely misses you.
You are too injured to fight recklessly!
You tentacle-slap the black bear.
The black bear is severely wounded.
You constrict the black bear. The black bear bites you!
* * * LOW HITPOINT WARNING * * *
The black bear claws you but does no damage.
The black bear barely misses you. The hobgoblin barely misses you.
You tentacle-slap the black bear.
You kill the black bear!
The hobgoblin hits you.
You die...
Your body crumbles into a pile of gold.

...................###..#####
...................# #..#
...................# #..#
...................# #...
...................# ##..
...................# #..#
...................# #.
...................#
............h$.....#
.............g.....#
...................#
.###########....### ....#
....# ....# ....#


You could see a hobgoblin.

Vanquished Creatures
  A black bear (D:4)
  A sleepcap (D:4)
  A gnoll (D:1)
  An adder (D:2)
  A dart slug (D:3)
  4 bats
  4 endoplasms
  4 giant cockroaches
  3 hobgoblins
  4 jackals (D:2)
  4 quokkas
  3 ball pythons
  4 frilled lizards
  6 goblins
  A kobold (D:2)
  A rat (D:2)
43 creatures vanquished.

Notes
Turn   | Place    | Note
-------+----------+-------------------------------------------
     0 | D:1      | MacCMillion the Octopode Shapeshifter began the quest for
                  | the Orb.
     0 | D:1      | Reached XP level 1. HP: 13/13 MP: 1/1
   117 | D:1      | Reached skill level 1 in Stealth
   160 | D:1      | Reached XP level 2. HP: 18/18 MP: 2/2
   489 | D:1      | Reached XP level 3. HP: 24/24 MP: 3/3
  1268 | D:2      | Reached XP level 4. HP: 29/29 MP: 4/4
  1349 | D:2      | Found a runed translucent door.
  1350 | D:2      | Noticed Crazy Yiuf
  1620 | D:3      | Found a runed translucent gate.
  1620 | D:3      | Found a runed translucent gate.
  1620 | D:3      | Noticed kal9871's ghost (amateur AtFi)
  1621 | D:3      | Found a runed translucent gate.
  1621 | D:3      | Noticed a kobold brigand
  1903 | D:4      | Found a stormy altar of Qazlal.
  1911 | D:4      | Found an opulent altar of Gozag.
  1930 | D:4      | Became a worshipper of Gozag Ym Sagoz the Greedy
  1977 | D:4      | Noticed a black bear
  1987 | D:4      | HP: 1/30 [black bear (9)]
  1988 | D:4      | Killed a black bear
  1988 | D:4      | Slain by a hobgoblin

Illustrated notes

Levels and vault maps discovered:
D:1:      dpeg_arrival_simpleton_a, layout_basic, minmay_hedge_maze,
          minmay_tetromino_i2
D:2:      layout_loops_cross, minmay_between, uniq_crazy_yiuf_cottage
D:3:      layout_basic, gammafunk_ghost_nasty_kobolds
D:4:      layout_basic, grunt_temple_overflow_open, hex_large

Skill      XL: |  1  2  3  4 |
---------------+-------------+-----
Stealth        | 1 2 3 |  3.1
Fighting       | 2 |  2.6
Dodging        | |  2.0
Unarmed Combat | |  3.8
Shapeshifting  | |  3.0

Action                     |  1- 3 |  4- 6 || total
---------------------------+-------+-------++-------
  Melee: Unarmed           |    62 |    29 ||    91
         Constrict         |    13 |     6 ||    19
         Tentacles         |     7 |     5 ||    12
         Punch             |     3 |     1 ||     4
    Use: Potion            |     1 |       ||     1
   Stab: Sleeping          |     3 |     5 ||     8
 Armour: Skin              |    19 |    13 ||    32
  Dodge: Dodged            |    33 |    18 ||    51

Table legend: (Time is in decaauts)
 A = Elapsed time spent in this place.
 B = Non-inter-level travel time spent in this place.
 C = Inter-level travel time spent in this place.
 D = Time resting spent in this place.
 E = Time spent auto-exploring this place.
 F = Levels seen in this place.
 G = Mean time per level.
                   A        B        C        D        E       F      G
               +--------+--------+--------+--------+--------+-----+--------+
         Total |   1980 |   1839 |    141 |    146 |   1342 |   4 |  495.0 |
       Dungeon |   1980 |   1839 |    141 |    146 |   1342 |   4 |  495.0 |
               +--------+--------+--------+--------+--------+-----+--------+

Top non-repeatable levels by time:
     D:2: 958 daAuts
     D:1: 602 daAuts
     D:3: 329 daAuts
     D:4: 89 daAuts
